 Dungeon Crawl Stone Soup version 0.31-a0-986-g5e6e4ef867 (webtiles) character file.

Game seed: 5618381565546222029

6 Demosthentine the Ducker (level 1, 0/16 HPs)
             Began as a Demonspawn Gladiator on Nov 7, 2023.
             Slain by a quokka (4 damage)
             ... on level 1 of the Dungeon.
             The game lasted 00:00:09 (119 turns).

Demosthentine the Ducker (Demonspawn Gladiator)      Turns: 119, Time: 00:00:10

Health: 0/16       AC:  4    Str: 14    XL:     1   Next: 75%
Magic:  1/1        EV: 12    Int:  9    God:
Gold:   5          SH:  0    Dex: 14    Spells: 0/0 levels left

rFire   . . .        a - +0 trident
rCold   . . .        (no shield)
rNeg    . . .        b - +0 leather armour
rPois   .            c - +0 helmet
rElec   .            (no cloak)
rCorr   .            (no gloves)
SInv    .            (no boots)
Will    .....        (no amulet)
Stlth   +            (no ring)
HPRegen 0.22/turn    (no ring)
MPRegen 0.07/turn

%: no passive effects
@: no status effects
A: no striking features
a: no special abilities


You were on level 1 of the Dungeon.
You visited 1 branch of the dungeon, and saw 1 of its levels.

You collected 5 gold pieces.

Inventory:

Hand Weapons
 a - a +0 trident (weapon)
Missiles
 d - 3 throwing nets (quivered)
 e - a javelin
Armour
 b - a +0 leather armour (worn)
 c - a +0 helmet (worn)
Scrolls
 f - a scroll of identify {unknown}
 h - a scroll of teleportation {unknown}
Potions
 g - a potion of curing {unknown}
 i - a potion of brilliance {unknown}


   Skills:
 + Level 2.1 Fighting
 + Level 2.8 Polearms
 - Level 1.7 Throwing
 + Level 0.3 Armour
 + Level 2.8 Dodging


You couldn't memorise any spells.
You didn't know any spells.
Your spell library was empty.

Dungeon Overview and Level Annotations

Branches:
Dungeon (1/15)

Altars:


Message History

You see here a giant cockroach corpse.
A goblin is nearby!
You reach to attack!
You hit the goblin.
The goblin is heavily wounded.
A goblin is nearby!
A goblin is nearby!
You puncture the goblin!
You kill the goblin!
A hobgoblin and a quokka come into view.
The hobgoblin shouts!
A frilled lizard comes into view.
You see here a +0 club.
You miss the quokka. The quokka closely misses you. The quokka bites you.
You closely miss the quokka. The quokka closely misses you.
You barely miss the quokka. The quokka barely misses you.
The quokka bites you but does no damage.
There are monsters nearby!
There are monsters nearby!
You barely miss the hobgoblin. The hobgoblin hits you.
A giant cockroach comes into view.
The quokka bites you.
You barely miss the hobgoblin. The hobgoblin barely misses you.
The quokka closely misses you.
You closely miss the hobgoblin. The quokka barely misses you.
The frilled lizard unfolds its giant frill.
The hobgoblin hits you but does no damage.
The quokka bites you. The hobgoblin closely misses you.
There are monsters nearby!
There are monsters nearby!
You are too injured to fight recklessly!
There are monsters nearby!
You are too injured to fight recklessly!
You are too injured to fight recklessly!
You are too injured to fight recklessly!
Unknown command.
The quokka attacks as it pursues you! The quokka bites you.
* * * LOW HITPOINT WARNING * * *
You see here a giant cockroach corpse.
The quokka attacks as it pursues you! The quokka bites you.
You die...

#.# #.......#
#####[#######.###.#.#
8.............†...#.#
...##########.....#.#
...# #####.#.# ...#
#.#.# 8.## #.#.# ###
##########.#.#
.........@..>#
##.##.r.#### #)###
#lg# ..... ##..#B#
#.# .# #. .# .[ .#


You could see a quokka, a hobgoblin and a frilled lizard.

Vanquished Creatures
  A dart slug (D:1)
  A giant cockroach (D:1)
  A goblin (D:1)
  A ball python (D:1)
4 creatures vanquished.

Notes
Turn   | Place    | Note
-------+----------+-------------------------------------------
     0 | D:1      | Demosthentine the Demonspawn Gladiator began the quest for
                  | the Orb.
     0 | D:1      | Reached XP level 1. HP: 16/16 MP: 1/1
   119 | D:1      | Slain by a quokka

Illustrated notes

Levels and vault maps discovered:
D:1:      scummos_arrival_gate, layout_basic

Action                     || total
---------------------------++-------
  Melee: Trident           ||    24
 Armour: Leather armour    ||    18
  Dodge: Dodged            ||    13

Table legend: (Time is in decaauts)
 A = Elapsed time spent in this place.
 B = Non-inter-level travel time spent in this place.
 C = Inter-level travel time spent in this place.
 D = Time resting spent in this place.
 E = Time spent auto-exploring this place.
 F = Levels seen in this place.
 G = Mean time per level.
                   A        B        C        D        E       F      G
               +--------+--------+--------+--------+--------+-----+--------+
         Total |    123 |    123 |      0 |      0 |     74 |   1 |  123.0 |
       Dungeon |    123 |    123 |      0 |      0 |     74 |   1 |  123.0 |
               +--------+--------+--------+--------+--------+-----+--------+

Top non-repeatable levels by time:
     D:1: 123 daAuts
